 Dungeon Crawl Stone Soup version 0.21.1-1-g345015f (webtiles) character file.

8332 Santangelo the Spear-Bearer (level 11, -3/56 HPs)
             Began as a Vine Stalker Berserker on Feb 6, 2018.
             Was a High Priest of Trog.
             Slain by an orc warrior
             ... wielding a +0 scimitar
              (9 damage)
             ... on level 10 of the Dungeon.
             The game lasted 01:18:11 (7651 turns).

Santangelo the Spear-Bearer (VSBe)                  Turns: 7651, Time: 01:18:14

Health: -3/56      AC: 15    Str: 23    XL:     11   Next: 29%
Magic:  0/12       EV:  8    Int:  7    God:    Trog [*****.]
Gold:   523        SH:  0    Dex: 14    Spells: 10/10 levels left

rFire    . . .     SeeInvis .   z - +5 glaive
rCold    . . .     Gourm    +   (shield currently unavailable)
rNeg     . . .     Faith    .   v - +0 plate armour
rPois    .         Spirit   +   a - +0 helmet
rElec    .         Reflect  .   (no cloak)
rCorr    .         Harm     .   s - +0 pair of gloves
MR       +++..                  (no boots)
Stlth    ..........             q - amulet of the gourmand
HPRegen  1.58/turn              (no ring)
MPRegen  0.13/turn              (no ring)

@: regenerating
A: fangs 3, regeneration 1, magic shield, antimagic bite, no potion heal 3, rot
immunity
a: Berserk, Trog's Hand, Brothers in Arms, Burn Spellbooks, Renounce Religion


You were on level 10 of the Dungeon.
You worshipped Trog.
Trog was extremely pleased with you.
You were completely stuffed.

You visited 1 branch of the dungeon, and saw 10 of its levels.

You collected 523 gold pieces.

Inventory:

Hand Weapons
 j - the +4 Vampire's Tooth {vamp}
   (You found it on level 5 of the Dungeon)

   It inflicts no extra harm, but heals its wielder when it wounds a living foe.
 t - a +2 halberd of freezing
 y - a +2 dagger of chaos
 z - a +5 glaive (weapon)
Armour
 a - a +0 helmet (worn)
 s - a +0 pair of gloves (worn)
 v - a +0 plate armour (worn)
 x - +0 steam dragon scales
Jewellery
 q - an amulet of the gourmand (around neck)
Wands
 u - a wand of iceblast (12)
Scrolls
 e - 4 scrolls of remove curse
 k - 3 scrolls of teleportation
 m - 2 scrolls of fear
Potions
 d - 2 potions of magic {unknown}
 g - 6 potions of heal wounds
 h - a potion of flight {unknown}
 i - a potion of brilliance {unknown}
 l - 5 potions of haste
 n - 6 potions of curing
 o - a potion of mutation {unknown}
 p - a potion of berserk rage {unknown}
 r - a potion of agility
 w - a potion of might
Comestibles
 b - a chunk of flesh
 c - 19 rations


   Skills:
 + Level 5.7 Fighting
 * Level 12.8 Polearms
 * Level 7.0 Armour
 + Level 2.3 Dodging


You had 10 spell levels left.
You didn't know any spells.

Dungeon Overview and Level Annotations

Branches:
Dungeon (10/15)            Temple (0/1) D:4
   Lair: D:8-11         Orc: D:9-12

Altars:
Cheibriados
Gozag
Hepliaklqana
Kikubaaqudgha
Makhleb
Okawaru
Qazlal
Sif Muna
Trog
Xom

Shops:
D:9 %


Innate Abilities, Weirdness & Mutations

You have razor-sharp teeth.
Your natural rate of healing is unusually fast.
When hurt, damage is shared between your health and your magic reserves.
Your bite disrupts and absorbs the magic of your enemies.
Potions cannot restore your health.
You are immune to rotting.


Message History

The orc priest closely misses you.
You hit the orc warrior. You bite the orc warrior! You drain its power.
You feel invigorated.
The orc warrior is almost dead.
The orc warrior hits you with a scimitar.
The orc priest hits you but does no damage.
You barely miss the orc warrior. Your bite misses the orc warrior.
The orc warrior is almost dead.
The orc warrior hits you with a scimitar!
The orc priest invokes the aid of Beogh against you.
Beogh smites you!
* * * LOW HITPOINT WARNING * * *
Your skin crawls.
You feel resistant to hostile enchantments.
You feel somewhat less full.
The orc priest calls down the wrath of Beogh upon you.
Beogh smites you!
* * * LOW HITPOINT WARNING * * *
The orc warrior hits you with a scimitar!
You die...

# #####.##.#..#
#..<........# .#
####.###.#.....### ..#
.....###.#.......# ....
.....##.........[###....
.....##.#.#.............
..........##............
>.........###....o.......
.....##.##...###@#.#. ...
.....##(##.......#.#$....
.######.#######..o.....#
...# #.# #.##.#...# ...#
#.# #.# .# .# ...# #.#
#.# .. .#.####.# #.# .#.
.#......# #.. ....
##.###### #.. .. ..


You could see an orc warrior and an orc priest.

Vanquished Creatures
  A two-headed ogre (D:9)
  An ugly thing (D:10)
  Psyche (D:9)
  A kobold demonologist (D:9)
  Grinder (D:3)
  Prince Ribbit (D:5)
  2 wyverns (D:8)
  A spriggan (D:9)
  A hungry ghost (D:7)
  A steam dragon (D:9)
  The ghost of Andry07 the Skirmisher, an amateur GrFi (D:4)
  Edmund (D:5)
  A water moccasin (D:10)
  An orc warrior (D:9)
  2 ice beasts
  5 sky beasts
  2 black bears
  4 ogres
  A phantom (D:9)
  6 centaurs
  14 big kobolds (D:9)
  4 bullfrogs
  2 scorpions (D:7)
  A water moccasin zombie (D:7)
  2 vampire bats (D:5)
  12 wights
  A crimson imp (D:7)
  2 bullfrog zombies
  4 hounds
  2 jellies
  A centaur skeleton (D:5)
  5 orc priests
  4 bullfrog skeletons
  An orc wizard (D:5)
  6 iguanas
  Terence (D:3)
  3 worker ants
  A worker ant zombie (D:8)
  4 gnolls (D:3)
  10 adders
  3 shadow imps
  An ooze (D:3)
  An adder skeleton (D:8)
  2 worms
  5 dart slugs
  5 leopard geckos
  19 orcs
  9 bats
  7 giant cockroaches
  6 goblins
  10 hobgoblins
  9 jackals
  A quokka (D:6)
  2 ball pythons
  A jackal skeleton (D:4)
  25 kobolds
  A leopard gecko skeleton (D:5)
  9 rats
231 creatures vanquished.

Vanquished Creatures (collateral kills)
  Urug (D:10)
1 creature vanquished.

Grand Total: 232 creatures vanquished

Notes
Turn   | Place    | Note
-------+----------+-------------------------------------------
     0 | D:1      | Santangelo the Vine Stalker Berserker began the quest for the Orb.
     0 | D:1      | Reached XP level 1. HP: 11/11 MP: 2/2
   194 | D:1      | Reached XP level 2. HP: 9/16 MP: 3/3
   228 | D:1      | Reached skill level 3 in Polearms
   321 | D:1      | Reached XP level 3. HP: 17/20 MP: 4/4
   367 | D:1      | Reached ** piety under Trog
  1378 | D:3      | Gained mutation: Your natural rate of healing is unusually fast. [Vine Stalker growth]
  1378 | D:3      | Reached XP level 4. HP: 19/24 MP: 5/5
  1738 | D:3      | Noticed Terence
  1747 | D:3      | Killed Terence
  1880 | D:3      | Reached skill level 4 in Polearms
  1880 | D:3      | Reached XP level 5. HP: 28/28 MP: 3/6
  1996 | D:3      | Found a deep blue altar of Sif Muna.
  2123 | D:3      | Noticed Grinder
  2124 | D:3      | Paralysed by Grinder for 4 turns
  2130 | D:3      | Paralysed by Grinder for 3 turns
  2148 | D:3      | Killed Grinder
  2148 | D:3      | Reached skill level 5 in Polearms
  2148 | D:3      | Reached XP level 6. HP: 24/32 MP: 3/7
  2597 | D:4      | Noticed Andry07's ghost (amateur GrFi)
  2618 | D:4      | Killed Andry07's ghost
  2618 | D:4      | Reached XP level 7. HP: 24/37 MP: 3/8
  2652 | D:4      | Found a staircase to the Ecumenical Temple.
  2847 | D:4      | Reached skill level 6 in Polearms
  3367 | D:5      | Entered Level 5 of the Dungeon
  3389 | D:5      | Noticed Edmund
  3398 | D:5      | Killed Edmund
  3419 | D:5      | Reached *** piety under Trog
  3499 | D:5      | Gained mutation: You have razor-sharp teeth. [Vine Stalker growth]
  3499 | D:5      | Reached XP level 8. HP: 42/42 MP: 9/9
  3607 | D:5      | Found the +4 Vampire's Tooth {vamp}
  3619 | D:5      | Reached skill level 7 in Polearms
  3674 | D:5      | Noticed Prince Ribbit
  3681 | D:5      | Killed Prince Ribbit
  4246 | D:6      | Reached skill level 8 in Polearms
  4445 | D:6      | Reached XP level 9. HP: 25/46 MP: 4/10
  4537 | D:6      | Found a bloodstained altar of Trog.
  4538 | D:6      | Found an iron altar of Okawaru.
  4655 | D:6      | Reached skill level 5 in Armour
  4898 | D:7      | Reached skill level 9 in Polearms
  5735 | D:8      | Reached **** piety under Trog
  5735 | D:8      | Reached skill level 10 in Polearms
  6005 | D:8      | Reached XP level 10. HP: 37/51 MP: 7/11
  6050 | D:8      | Reached skill level 5 in Fighting
  6475 | D:9      | Found Pirogriuc's Food Shoppe.
  6487 | D:9      | Noticed a two-headed ogre
  6495 | D:9      | Killed a two-headed ogre
  6495 | D:9      | Reached skill level 11 in Polearms
  6615 | D:9      | Found an opulent altar of Gozag.
  6616 | D:9      | Found an ancient bone altar of Kikubaaqudgha.
  6626 | D:9      | Found a snail-covered altar of Cheibriados.
  6637 | D:9      | Found a stormy altar of Qazlal.
  6682 | D:9      | Found a burning altar of Makhleb.
  6975 | D:9      | Found a shimmering altar of Xom.
  7010 | D:9      | Noticed Psyche
  7022 | D:9      | Killed Psyche
  7114 | D:9      | Noticed a kobold demonologist
  7121 | D:9      | Noticed an orange demon
  7126 | D:9      | Killed a kobold demonologist
  7128 | D:9      | Reached skill level 12 in Polearms
  7133 | D:9      | Reached ***** piety under Trog
  7138 | D:9      | Reached XP level 11. HP: 56/56 MP: 12/12
  7322 | D:9      | Found a hazy altar of Hepliaklqana.
  7460 | D:10     | Entered Level 10 of the Dungeon
  7516 | D:10     | Noticed Urug
  7517 | D:10     | Noticed a purple ugly thing
  7524 | D:10     | Killed a purple ugly thing
  7527 | D:10     | Killed Urug
  7651 | D:10     | Slain by an orc warrior

Skill      XL: |  1  2  3  4  5  6  7  8  9 10 11 |
---------------+----------------------------------+-----
Fighting       | 3 4 5 |  5.7
Polearms       | 3 4 5 6 8 10 12 | 12.8
Armour         | 2 3 4 5 6 7 |  7.0
Dodging        | 2 |  2.3

Action                   |  1- 3 |  4- 6 |  7- 9 | 10-12 || total
-------------------------+-------+-------+-------+-------++-------
Melee: Spear             |   123 |       |       |       ||   123
       Bite              |    27 |    30 |    61 |    45 ||   163
       Trident           |       |    72 |       |       ||    72
       Halberd           |       |    36 |   232 |   194 ||   462
       Glaive            |       |       |       |    18 ||    18
Invok: Berserk           |     1 |     3 |     7 |     5 ||    16
       Trog's Hand       |     1 |     2 |     2 |     1 ||     6
       Burn Spellbooks   |       |       |     1 |       ||     1
       Brothers in Arms  |       |       |       |     1 ||     1
  Use: Scroll            |       |    10 |     6 |     3 ||    19
 Stab: Sleeping          |     1 |       |       |       ||     1
  Eat: Chunk             |     2 |     4 |    13 |    28 ||    47
       Ration            |       |     1 |     2 |       ||     3
Armor: Animal skin       |     7 |       |       |       ||     7
       Ring mail         |     4 |     9 |       |       ||    13
       Scale mail        |       |     4 |       |       ||     4
       Chain mail        |       |     6 |    99 |    10 ||   115
       Plate armour      |       |       |       |    84 ||    84
Dodge: Dodged            |    50 |    48 |    81 |    55 ||   234
